 Dungeon Sprint DCSS version 0.27-a0-686-gaed091b46b (webtiles) character file.

Game seed: 3213983291941769949

873 mhtbhm the Fighter (level 7, -5/73 HPs)
             Began as a Minotaur Fighter on Mar 20, 2021.
             Was a High Priest of Trog.
             Killed from afar by Erica (10 damage)
             ... with a bolt of acid
             ... in the Dungeon (Sprint VII: "The Pits").
             The game lasted 00:01:11 (429 turns).

mhtbhm the Fighter (Minotaur Fighter)                Turns: 429, Time: 00:01:11

Health: -5/73      AC:  7    Str: 23    XL:     7   Next: 74%
Magic:  6/6        EV: 10    Int:  5    God:    Trog [*****.]
Gold:   0          SH: 12    Dex:  9    Spells: 6/6 levels left

rFire    . . .     SeeInvis .   a - +1 hand axe (freeze)
rCold    . . .     Faith    .   c - +0 kite shield
rNeg     . . .     Spirit   .   b - +3 scale mail
rPois    .         Reflect  .   (helmet restricted)
rElec    .         Harm     .   (no cloak)
rCorr    .         Rampage  .   (no gloves)
Will     .....     NoTele   +   (no boots)
Stlth    ..........             (no amulet)
HPRegen  0.22/turn              (no ring)
MPRegen  0.10/turn              (no ring)

@: corroded, berserk cooldown, slowed, very slow
A: horns 2, retaliatory headbutt
a: Renounce Religion, Berserk, Trog's Hand, Brothers in Arms


You were in the Dungeon.
You worshipped Trog.
Trog was extremely pleased with you.
You visited 1 branch

Inventory:

Hand Weapons
 a - a +1 hand axe of freezing (weapon)
Armour
 b - a +3 scale mail (worn)
 c - a +0 kite shield (worn)
Scrolls
 j - a scroll of blinking
 l - a scroll of summoning
Potions
 d - a potion of might
 e - 6 potions of curing
 f - 6 potions of heal wounds
 g - a potion of haste
 h - 4 potions of magic
 i - 3 potions of berserk rage
 k - 2 potions of invisibility


   Skills:
 + Level 10.6 Fighting
 + Level 10.5 Axes
 + Level 10.2 Armour
 + Level 3.7 Dodging
 + Level 10.5 Shields


You had 6 spell levels left.
You didn't know any spells.
Your spell library was empty.

Dungeon Overview and Level Annotations

Branches:
Dungeon (1/1)

Altars:
Cheibriados
Dithmenos
Elyvilon
Fedhas
Gozag
Hepliaklqana
Makhleb
Nemelex Xobeh
Okawaru
Qazlal
Ru
Sif Muna
Trog
Vehumet
Wu Jian
Xom
Yredelemnul
Zin
The Shining One
Beogh
Jiyva
Lugonu

Annotations:
D Erica


Innate Abilities, Weirdness & Mutations

You have a pair of horns on your head.
You reflexively headbutt those who attack you in melee.


Message History

You feel yourself slow down.
Things that are here:
a +3 quarterstaff of chaos; a +2 cloak; the gnoll corpse of Crazy Yiuf You feel a strong urge to attack something.
You block the ice devil's attack.
Erica zaps a wand.
The bolt of acid hits you!
You are splashed with acid!
Unknown command.
You hit Erica. You freeze Erica. You headbutt Erica!
Erica is heavily wounded.
You slash the ice devil! You block the ice devil's attack.
Erica says, "I love to fight, but killing is better."
Erica hits you but does no damage.
You completely miss Erica. You headbutt Erica!
Erica is severely wounded.
You closely miss the ice devil. You block the ice devil's attack.
Erica hits you with a +4 scimitar of flaming.
Erica burns you.
Unknown command.
You slash Erica! You freeze Erica. Your headbutt misses Erica.
Erica is almost dead.
You hit the ice devil.
The ice devil hits you but does no damage.
Erica points at you and mumbles some strange words.
The lance of force hits you!!
You are knocked back by the lance of force.
You slam into the metal wall!
* * * LOW HITPOINT WARNING * * *
Unknown command.
Erica zaps a wand.
The bolt of acid hits you!
* * * LOW HITPOINT WARNING * * *
The acid corrodes you!
You are splashed with acid!
* * * LOW HITPOINT WARNING * * *
Unknown command.
Unknown command.
You feel a strong urge to attack something.
You are no longer berserk.
You are exhausted.
You feel as though you will be slow longer.
Erica zaps a wand.
The bolt of acid hits you!
You die...

#.#..†.....##.......#
#.#.†).....##.......#
#'###########.......#
#.......#..##########
#..#.#..#)######
#.##.##.#)#....#
#.†)....#)#@...#
#.##.##.#.))...+
#..#.#..#'#.4.@#
#.......†.#....#
################


You could see Erica and an ice devil.

Vanquished Creatures
  Grinder (D)
  A floating eye (D)
  An ogre (D)
  A wolf (D)
  2 centaurs (D)
  A killer bee (D)
  3 wights (D)
  Crazy Yiuf (D)
  An iguana (D)
  An adder (D)
  A river rat (D)
  An ufetubus (D)
  An orc (D)
  A goblin (D)
  6 jackals (D)
  A quokka (D)
  2 ball pythons (D)
  A kobold (D)
27 creatures vanquished.

Notes
Turn   | Place    | Note
-------+----------+-------------------------------------------
     0 | D        | mhtbhm the Minotaur Fighter began the quest for the Orb.
     0 | D        | Reached XP level 1. HP: 19/19 MP: 0/0
     8 | D        | Noticed a floating eye
    11 | D        | Killed a floating eye
    12 | D        | Reached XP level 2. HP: 31/31 MP: 1/1
    12 | D        | Reached XP level 3. HP: 38/38 MP: 2/2
    12 | D        | Reached XP level 4. HP: 45/45 MP: 3/3
    16 | D        | Found a bloodstained altar of Trog.
    16 | D        | Found a shimmering blue altar of Sif Muna.
    16 | D        | Found a viscous altar of Jiyva.
    16 | D        | Found a hazy altar of Hepliaklqana.
    16 | D        | Found an opulent altar of Gozag.
    17 | D        | Found a glowing golden altar of the Shining One.
    17 | D        | Found a glowing silver altar of Zin.
    17 | D        | Found a basalt altar of Yredelemnul.
    17 | D        | Found a shimmering altar of Xom.
    17 | D        | Found an ornate altar of the Wu Jian Council.
    17 | D        | Found a sacrificial altar of Ru.
    17 | D        | Found a stormy altar of Qazlal.
    17 | D        | Found an iron altar of Okawaru.
    17 | D        | Found a sparkling altar of Nemelex Xobeh.
    17 | D        | Found a burning altar of Makhleb.
    17 | D        | Found a blossoming altar of Fedhas.
    17 | D        | Found a white marble altar of Elyvilon.
    17 | D        | Found a shadowy altar of Dithmenos.
    17 | D        | Found a snail-covered altar of Cheibriados.
    19 | D        | Found a radiant altar of Vehumet.
    19 | D        | Found a corrupted altar of Lugonu.
    21 | D        | Became a worshipper of Trog the Wrathful
    62 | D        | Reached * piety under Trog
    77 | D        | Noticed an ogre
    80 | D        | Reached ** piety under Trog
    85 | D        | Killed an ogre
    85 | D        | Reached *** piety under Trog
    86 | D        | Reached skill level 5 in Axes
    86 | D        | Reached skill level 1 in Dodging
    86 | D        | Reached XP level 5. HP: 53/53 MP: 4/4
   157 | D        | Noticed a wolf
   163 | D        | Noticed Grinder
   163 | D        | Noticed a centaur
   170 | D        | Killed a wolf
   170 | D        | Reached **** piety under Trog
   171 | D        | Reached XP level 6. HP: 56/63 MP: 5/5
   183 | D        | Killed Grinder
   184 | D        | Reached skill level 10 in Fighting
   184 | D        | Reached XP level 7. HP: 43/72 MP: 6/6
   233 | D        | Reached ***** piety under Trog
   234 | D        | Reached skill level 10 in Armour
   234 | D        | Reached skill level 10 in Shields
   247 | D        | Reached skill level 10 in Axes
   417 | D        | Noticed Crazy Yiuf
   417 | D        | Noticed Erica
   417 | D        | Noticed an ice devil
   422 | D        | Killed Crazy Yiuf
   422 | D        | Received a gift from Trog
   429 | D        | Killed from afar by Erica

Illustrated notes

Levels and vault maps discovered:
D:        pitsprint [storerooms_1, entrance_room_1, metal_vault_4, armoury_1,
          mini_pit_1, grid_room_1, main_hall_1, silver_pit, the_coven_2,
          the_vestibule_1, steel_vault_3, golden_pit, hallway_of_sentries,
          crystal_vault_1, iron_vault_1, final_vault]

Skill      XL: |  1  2  3  4  5  6  7 |
---------------+----------------------+-----
Fighting       | 6 8 9 10 | 10.6
Axes           | 4 5 7 9 10 | 10.5
Armour         | 6 8 9 10 | 10.2
Shields        | 6 8 9 10 | 10.5
Dodging        | 1 2 3 |  3.7

Action                   |  1- 3 |  4- 6 |  7- 9 || total
-------------------------+-------+-------+-------++-------
Melee: War axe           |     2 |       |       ||     2
       Headbutt          |     1 |     8 |    12 ||    21
       Hand axe          |       |    39 |    29 ||    68
Invok: Berserk           |       |     2 |     1 ||     3
Armor: Scale mail        |       |    26 |     4 ||    30
Dodge: Dodged            |       |    17 |    11 ||    28
Block: Kite shield       |       |    33 |    19 ||    52

Table legend: (Time is in decaauts)
 A = Elapsed time spent in this place.
 B = Non-inter-level travel time spent in this place.
 C = Inter-level travel time spent in this place.
 D = Time resting spent in this place.
 E = Time spent auto-exploring this place.
 F = Levels seen in this place.
 G = Mean time per level.
                   A        B        C        D        E       F      G
               +--------+--------+--------+--------+--------+-----+--------+
         Total |    452 |    452 |      0 |    193 |     34 |   1 |  452.0 |
       Dungeon |    452 |    452 |      0 |    193 |     34 |   1 |  452.0 |
               +--------+--------+--------+--------+--------+-----+--------+

Top non-repeatable levels by time:
       D: 452 daAuts
